Match 42588129
Unlisted

Match 42588129
End
Royal Engineer Section
Construct Section Command Post
Dingo Light Scout Car
Infantry Section
Infantry Section
Infantry Section
Construct Platoon Command Post
Unlock M3 Stuart Light Tanks
M3 Stuart Light Tank
M3 Stuart Light Tank
Construct Field Infirmary
Infantry Training
Selects Canadian Shock Battlegroup
Selects Offensive Resupply
Selects Canadian Shock Section
Selects Incendiary Munitions
Selects Pyrotechnics
Canadian Shock Section
Royal Engineer Section
Construct Company Command Post
Grenade Package
Selects Churchill Crocodile Heavy Tank
Churchill Crocodile Heavy Tank
Armored Vehicle Training
Selects Point Assault
Unlock Towed 17-pounder Anti-tank Guns
17-pounder Anti-tank Gun Team
17-pounder Anti-tank Gun Team
17-pounder Anti-tank Gun Team
17-pounder Anti-tank Gun Team
Team Weapon Training
17-pounder Anti-tank Gun Team
Churchill Crocodile Heavy Tank
Canadian Shock Section
Royal Engineer Section
Wolfe
sheenhochul
0
0

Comments sign in to comment!

No comments posted yet!